 Dungeon Crawl Stone Soup version 0.18.1-8-gdd0e5ea (webtiles) character file.

37 M4edhros the Grave Robber (level 3, 0/21 HPs)
             Began as an Octopode Necromancer on May 27, 2016.
             Slain by an adder (5 damage)
             ... on level 3 of the Dungeon.
             The game lasted 00:03:02 (683 turns).

M4edhros the Grave Robber (Octopode Necromancer)     Turns: 683, Time: 00:03:03

Health: 0/21       AC:  1    Str:  7    XL:     3   Next: 41%
Magic:  2/6        EV: 12    Int: 17    God:
Gold:   78         SH:  0    Dex: 13    Spells: 3 memorised, 1 level left

rFire  . . .     SeeInvis .       - Unarmed
rCold  . . .     Gourm    .     (no shield)
rNeg   . . .     Faith    .     (helmet restricted)
rPois  .         Spirit   .     l - amulet of inaccuracy (curse)
rElec  .         Dismiss  .     c - ring of wizardry
rCorr  .         Reflect  .     (no ring)
SustAt .         Harm     .     (no ring)
MR     .....                    (no ring)
Stlth  +++.......               (no ring)
                                (no ring)
                                (no ring)
                                (no ring)

@: lethally poisoned (0 -> -5), not resistant to hostile enchantments, fairly
stealthy
A: almost no armour, amphibious, 8 rings, constrict 8, camouflage 1, gelatinous
body 1
a: no special abilities


You were on level 3 of the Dungeon.
You were not hungry.

You visited 1 branch of the dungeon, and saw 3 of its levels.

You collected 78 gold pieces.

Inventory:

Jewellery
 c - a ring of wizardry (left tentacle)
 l - a cursed amulet of inaccuracy (around mantle)
Scrolls
 e - a scroll of identify
Potions
 d - a potion of ambrosia
 i - a potion of flight
 j - a potion of curing {unknown}
Books
 a - a book of Necromancy

   Spells                             Type                      Level
   a - Pain                           Necromancy                   1
   b - Animate Skeleton               Necromancy                   1
   c - Vampiric Draining              Necromancy                   3
   d - Regeneration                   Charms/Necromancy            3
   e - Animate Dead                   Necromancy                   4
   f - Control Undead                 Necromancy                   4
Comestibles
 b - a bread ration
 f - a fruit
 g - 4 chunks of flesh
 k - a royal jelly


   Skills:
 - Level 2.0 Dodging
 - Level 2.6 Stealth
 + Level 2.9 Unarmed Combat
 - Level 2.0 Spellcasting
 - Level 4.0 Necromancy


You had one spell level left.
You knew the following spells:

 Your Spells              Type           Power        Failure   Level  Hunger
a - Pain                  Necr           ###.         1%          1    #......
b - Animate Skeleton      Necr           N/A          1%          1    #......
r - Regeneration          Chrm/Necr      #.........   10%         3    ###....


Dungeon Overview and Level Annotations

Branches:
Dungeon (3/15)

Altars:


Innate Abilities, Weirdness & Mutations

You cannot wear most types of armour.
You are amphibious.
You can wear up to eight rings at the same time.
You can use your tentacles to constrict eight enemies at once.
Your skin changes colour to match your surroundings (Stealth).
Your rubbery body absorbs attacks (AC +1).


Message History

Found a robe.
You miss the adder. You grab the adder. You tentacle-slap the adder.
You squeeze the adder.
The adder is moderately wounded.
You constrict the adder. The adder bites you.
You tentacle-slap the adder but do no damage.
The adder is moderately wounded.
You constrict the adder. The adder misses you.
You tentacle-slap the adder but do no damage.
The adder is heavily wounded.
You constrict the adder. The adder bites you.
You are poisoned.
The adder poisons you!
Unknown command.
You tentacle-slap the adder.
The adder is severely wounded.
You constrict the adder.
You feel sick. The adder bites you.
* * * LOW HITPOINT WARNING * * *
The adder bites you.
You die...

. .... ..
.....########
#####....
.....§§§§§§.#
#.S[.#
+###.§§§§.§§# #@#
....§§§§§§.§###.##
###....§.§..'....#
#.......<.######
...........+
####........#
###.......
#.#####.. #. #.#


You could see an adder.

Vanquished Creatures
  An adder (D:2)
  An ooze (D:1)
  2 dart slugs (D:1)
  2 giant cockroaches
  2 goblins (D:1)
  A hobgoblin (D:2)
  2 jackals (D:2)
  2 kobolds
  3 bats
  2 giant newts
  5 rats
23 creatures vanquished.

Notes
Turn   | Place    | Note
--------------------------------------------------------------
     0 | D:1      | M4edhros the Octopode Necromancer began the quest for the Orb.
     0 | D:1      | Reached XP level 1. HP: 11/11 MP: 3/3
    45 | D:2      | Learned a level 1 spell: Animate Skeleton
    90 | D:1      | Reached skill level 1 in Unarmed Combat
   103 | D:1      | Reached XP level 2. HP: 17/17 MP: 3/5
   548 | D:2      | Reached XP level 3. HP: 15/21 MP: 6/6
   553 | D:2      | Learned a level 3 spell: Regeneration
   683 | D:3      | Slain by an adder

Skill      XL: |  1  2 |
---------------+-------+-----
Unarmed Combat | 1 2 |  2.9
Dodging        | |  2.0
Stealth        | |  2.6
Spellcasting   | |  2.0
Necromancy     | |  4.0

Action                   || total
-------------------------++-------
Melee: Unarmed           ||    55
       Constrict         ||    10
       Tentacles         ||     9
       Punch             ||     2
 Cast: Animate Skeleton  ||     8
       Pain              ||     7
       Regeneration      ||     4
  Use: Scroll            ||     4
       Potion            ||     1
 Stab: Sleeping          ||    10
       Distracted        ||     1
Armor: Skin              ||     5
Dodge: Dodged            ||    22
